[Event "Icelandic Chess-ch 2023"]
[Site "Hafnarfjordur"]
[Date "2023.05.25"]
[Round "11.5"]
[White "Kjartansson, Gudmundur"]
[Black "Thorfinnsson, Bragi"]
[Result "1-0"]
[ECO "E10"]
[WhiteElo "2402"]
[BlackElo "2431"]
[Annotator "TA"]
[PlyCount "83"]
[EventDate "2023.05.13"]
[EventType "tourn"]
[EventCountry "ISL"]
[SourceTitle "playchess.com"]
[Source "ChessBase"]
[SourceQuality "1"]
[TimeControl "40/5400+30:1800+30"]

1. d4 Nf6 2. c4 e6 3. Nf3 c5 4. d5 b5 5. e4 Nxe4 6. Bd3 {[%emt 0:00:10] E10: Blumenfeld Gambit.} Nd6 7. cxb5 Bb7 8. Nc3 $1 {[%emt 0:10:26] White is slightly better.} Be7 9. O-O O-O {[%emt 0:05:38] [#]} 10. Bf4 $146 ({Predecessor:} 10. Re1 h6 11. Bb1 a6 12. b6 Qxb6 13. Qd3 f5 14. dxe6 Be4 15. Nxe4 fxe4 16. Rxe4 Nxe4 17. Qxe4 Qxe6 {1-0 Trent,L (2399)-Rensch,D (2402) I'M Not A GM Speed Chess blitz 2021 (1.10)}) 10... a6 $1 11. Qc2 {[%emt 0:24:33] White has more active pieces.} (11. a4 $5 ) 11... exd5 $2 (11... h6 $14) 12. Bxh7+ $18 Kh8 13. Rad1 (13. Rfe1 $142) 13... d4 {[%emt 0:00:48] [#]} 14. Nxd4 cxd4 {[%emt 0:01:23] [#]} 15. Rd3 (15. Rxd4 $1 $18 {[%cal Od4d3] Hoping for Rd3!} Nxb5 (15... axb5 16. Qd3) 16. Rd3) 15... Bg5 $2 {[%emt 0:04:13][%mdl 8192] [#]} (15... Kxh7 $2 16. Rh3+ Kg8 17. Qh7#) (15... g6 $16 16. Rh3 Kg7) 16. Rh3 $1 {[%emt 0:10:58] Intending Bg8+ and mate.} Bh6 17. Rxh6 (17. Bxh6 $142 gxh6 18. Ne4 Bxe4 19. Bxe4 Nxe4 20. Qxe4) 17... gxh6 18. Be5+ {[%emt 0:00:12] A strong pair of Bishops.} f6 19. Bxd6 dxc3 20. Qg6 ({White must play} 20. Be4 $1 $16 Bxe4 21. Qxe4) 20... Rg8 $1 $11 21. Bxg8 (21. Qxg8+ $2 {loses.} Qxg8 22. Bxg8 Kxg8 $19) 21... Qxg8 22. Qxh6+ (22. Qxf6+ Qg7 23. Qxc3 Qxc3 24. bxc3 axb5 $17) 22... Qh7 23. Qf8+ Qg8 {[%emt 0:00:08] aiming for ...Qxf8.} 24. Qh6+ (24. bxc3 $2 {perishes.} Qxf8 25. Bxf8 axb5 $19) 24... Qh7 25. Qxf6+ Qg7 26. Qxg7+ (26. Qxc3 {simplifies} Qxc3 27. bxc3 axb5 28. Rb1) 26... Kxg7 27. b6 ({Of course not} 27. Be5+ Kf7 $15) 27... cxb2 28. Rb1 Nc6 29. Rxb2 Re8 30. f3 Re1+ 31. Kf2 Rd1 32. Bf4 Rd5 (32... d5 $11) 33. Rd2 $1 $16 Nb4 {[%emt 0:01:03] ...Nd3+ would be deadly.} 34. Rxd5 Bxd5 (34... Nxd5 $16 35. Be3 Kg8) 35. a3 $18 Nd3+ (35... Nc6 36. b7 Kf6) 36. Ke3 Ne1 37. Kf2 $2 (37. Ke2 $1 $18 Nxg2 38. Bg3) 37... Nd3+ $14 38. Ke3 $2 (38. Kg3 $14) 38... Ne1 $18 {[%emt 0:00:11] [#]} 39. Ke2 $1 {[%emt 0:01:49] White is clearly winning.} Nc2 {[%emt 0:00:48] [#]} 40. Be5+ $1 Kf7 41. Bb2 Ke6 42. Kd2 {[%emt 0:00:16] Excellently played by Kjartansson!   Weighted Error Value: White=0.43/Black=0.52} 1-0

[Event "Icelandic Chess-ch 2023"]
[Site "Hafnarfjordur"]
[Date "2023.05.25"]
[Round "11.6"]
[White "Danielsen, Henrik"]
[Black "Domalchuk-Jonasson, Aleksandr"]
[Result "1/2-1/2"]
[ECO "D00"]
[WhiteElo "2501"]
[BlackElo "2338"]
[Annotator "TA"]
[PlyCount "166"]
[EventDate "2023.05.13"]
[EventType "tourn"]
[EventCountry "ISL"]
[SourceTitle "playchess.com"]
[Source "ChessBase"]
[SourceQuality "1"]
[TimeControl "40/5400+30:1800+30"]

1. d4 Nf6 2. Nc3 d5 3. Bf4 e6 4. a3 Bd6 5. e3 O-O 6. Nf3 {[%emt 0:00:09] D00: 1 d4 d5: Unusual lines.} Bxf4 7. exf4 b6 8. Bd3 c5 9. O-O {[%emt 0:00:39] [#]} Ba6 $146 ({Predecessor:} 9... Nc6 10. Re1 Bb7 11. Bb5 Ne7 12. Ne5 Nf5 13. Ne2 Nd6 {1-0 Niemann,H (2592)-Kravtsiv,M (2660) Lindores Abbey Blitz Tal Memorial 2021 (17.17)}) 10. Re1 Bxd3 11. Qxd3 Nc6 12. Rad1 cxd4 13. Nb5 Ne4 14. Nbxd4 Nxd4 15. Nxd4 Qf6 16. Qf3 Rac8 17. c3 g6 18. Qg4 h5 19. Qf3 Kg7 20. h3 Rh8 21. Re2 Rc4 22. Rde1 a6 23. g3 b5 24. Kg2 Rcc8 25. Qd3 Rhe8 26. Nf3 Rc7 27. Qe3 Rb8 28. g4 Rh8 29. g5 Qe7 30. Nd4 Kh7 31. h4 Qd6 32. f3 Nc5 33. Qd2 Rf8 34. Re5 Qd7 35. Ne2 (35. f5 $5 exf5 36. Ne2 $11) 35... Qd6 (35... Nb3 $5 36. Qd1 Na5 $15) 36. Ng3 Nd7 37. R5e2 (37. Ne4 $1 $11 Qc6 38. Nf6+ Nxf6 39. gxf6) 37... Rc4 $15 38. Re4 $1 Nc5 39. Re5 (39. Rxc4 $11 {keeps the balance.} bxc4 40. Ne4) 39... Nd7 40. R5e4 Qc6 41. Rd4 Rxd4 42. Qxd4 Kg8 43. Rd1 (43. Ne2 $11) 43... Nb6 44. Re1 Qc7 45. Qf6 Nd7 46. Qe7 Qd8 47. Qd6 Nb8 48. Rxe6 fxe6 $17 49. Qxe6+ Kg7 (49... Kh7 50. Nxh5 Nd7 51. Qd6 $17) 50. f5 (50. Qe5+ $17 {is a better defense.} Kh7 51. f5) 50... Qe8 $19 {[%emt 0:00:29] ...Qxe6 would be deadly.} 51. Qxd5 {[%emt 0:00:00] [#]} Qf7 $1 52. Qe5+ Kh7 53. Nxh5 {[%emt 0:01:58] Hoping for Nf6+.} Nd7 {[%emt 0:01:07] Repels Nf6+} 54. fxg6+ $2 (54. Qd6 Qxf5 55. Nf6+ Nxf6 56. Qxf8 Qc2+ 57. Kh3) 54... Qxg6 55. Qd4 Qxh5 56. Qxd7+ Rf7 57. Qd5 Qg6 58. Kg3 Rf5 (58... Qf5 $142 59. Qc6 Qf4+ 60. Kg2 Qd2+ 61. Kg3 Qf4+ 62. Kg2 Kh8) 59. Qd4 {[%emt 0:01:26] [#]} (59. Qe4 {was the crucial defense.}) 59... Qe6 $1 60. Qg4 Qd6+ 61. f4 Rd5 {[%emt 0:00:53] And now ...Rd3+ would win.} 62. Qc8 (62. Qh5+ Kg7 63. Qe2 Rd2) 62... Qe7 {[%emt 0:01:00] ( -> ...Qe3+)} 63. h5 Qe3+ $2 (63... Rd3+ $19 64. Kg4 Qe2+ {[%mdl 64] Skewer, Double Attack} 65. Kf5 Qxh5 66. Qc7+ Kh8 67. Qe5+ Kg8 68. Qb8+ Kg7 69. Qe5+ Kf8 70. Qb8+ Qe8 71. Qxe8+ Kxe8) 64. Kg4 $11 {[%emt 0:00:21] The position is equal.} Qe2+ 65. Kh4 Qh2+ (65... Qxb2 66. g6+ (66. Qxa6 Qh2+ 67. Kg4 Qg2+ 68. Kh4 Qh2+ 69. Kg4 Qg2+ 70. Kh4 Qh2+ $15) 66... Kg7 67. Qc7+ (67. Qxa6 Qh2+ 68. Kg4 Qxh5+ 69. Kg3 Rd3+ 70. Kf2 Qf3+ 71. Kg1 Rd1+ 72. Kh2 Rh1#) (67. Qxa6 Qh2+ 68. Kg4 Qxh5+ 69. Kg3 Rd3+ 70. Kf2 Qf3+ 71. Kg1 Rd1+ 72. Kh2 Rh1#)) 66. Kg4 Qg2+ (66... Qxb2 67. g6+ (67. Qxa6 Qg2+ 68. Kh4 Qf2+ 69. Kg4 Qg2+ 70. Kh4 Qh1+ 71. Kg4 Qg2+ $15) 67... Kg7 68. Qc7+ (68. Qxa6 Qe2+ 69. Kh4 Qxh5+ 70. Kg3 Rd3+ 71. Kf2 Qf3+ 72. Kg1 Rd1+ 73. Kh2 Rh1#) (68. Qxa6 Qe2+ 69. Kh4 Qxh5+ 70. Kg3 Rd3+ 71. Kf2 Qf3+ 72. Kg1 Rd1+ 73. Kh2 Rh1#)) 67. Kh4 {[%emt 0:00:08] Some like it hot} Qf2+ (67... Qxb2 68. g6+ (68. Qxa6 Qh2+ 69. Kg4 Qg2+ 70. Kh4 Qf2+ 71. Kg4 Qg2+ 72. Kh4 Qf2+ 73. Kg4 Qe2+ 74. Kh4 Qe7 $17) 68... Kg7 69. Qc7+ (69. Qxa6 Qh2+ 70. Kg4 Qxh5+ 71. Kg3 Rd3+ 72. Kf2 Qf3+ 73. Kg1 Rd1+ 74. Kh2 Rh1#) (69. Qxa6 Qh2+ 70. Kg4 Qxh5+ 71. Kg3 Rd3+ 72. Kf2 Qf3+ 73. Kg1 Rd1+ 74. Kh2 Rh1#)) 68. Kg4 Qg1+ (68... Qxb2 69. g6+ (69. Qxa6 Qg2+ 70. Kh4 Qf2+ 71. Kg4 Qg1+ 72. Kh4 Qe1+ 73. Kg4 Qe2+ 74. Kh4 Qe7 $15) 69... Kg7 70. Qc7+ (70. Qxa6 Qe2+ 71. Kh4 Qxh5+ 72. Kg3 Rd3+ 73. Kf2 Qf3+ 74. Kg1 Rd1+ 75. Kh2 Rh1#) (70. Qxa6 Qe2+ 71. Kh4 Qxh5+ 72. Kg3 Rd3+ 73. Kf2 Qf3+ 74. Kg1 Rd1+ 75. Kh2 Rh1#)) 69. Kh4 Qh2+ 70. Kg4 Qg1+ (70... Qxb2 {gets mated.} 71. g6+ (71. Qxa6 Qe2+ 72. Kh4 Qe7 $15) 71... Kg7 72. Qc7+ (72. Qxa6 Qe2+ 73. Kh4 Qxh5+ 74. Kg3 Rd3+ 75. Kf2 Qf3+ 76. Kg1 Rd1+ 77. Kh2 Rh1#) (72. Qxa6 Qe2+ 73. Kh4 Qxh5+ 74. Kg3 Rd3+ 75. Kf2 Qf3+ 76. Kg1 Rd1+ 77. Kh2 Rh1#)) 71. Kh4 Qe1+ 72. Kg4 Qe2+ 73. Kh4 Qe7 (73... Qxb2 {is a self mate.} 74. g6+ (74. Qxa6 Qf2+ 75. Kg4 Qg2+ 76. Kh4 Qh2+ 77. Kg4 Qe2+ 78. Kh4 Qh2+ 79. Kg4 Qg2+ 80. Kh4 Qf2+ 81. Kg4 Qg2+ $17) 74... Kg7 75. Qc7+ (75. Qxa6 Qh2+ 76. Kg4 Qxh5+ 77. Kg3 Rd3+ 78. Kf2 Qf3+ 79. Kg1 Rd1+ 80. Kh2 Rh1#) (75. Qxa6 Qh2+ 76. Kg4 Qxh5+ 77. Kg3 Rd3+ 78. Kf2 Qf3+ 79. Kg1 Rd1+ 80. Kh2 Rh1#)) 74. Qxa6 Rd6 75. Qxb5 Qe4 76. Kg4 Qg2+ 77. Kh4 Qh2+ 78. Kg4 {[%emt 0:00:14] White wants to mate with g6+.} Qg2+ 79. Kh4 {[%emt 0:00:10] aiming for Qf5+.} Qh1+ 80. Kg4 {[%emt 0:00:13] White threatens g6+ and mate.} Qd1+ 81. Kh4 {[%emt 0:00:10] Threatens to win with g6+.} Qe1+ 82. Kg4 {[%emt 0:00:09] g6+ would kill now.} Qd1+ 83. Kh4 {[%emt 0:00:08] Strongly threatening g6+.} Qe1+ {[%emt 0:00:27] White happily takes the draw. An interesting game.   Weighted Error Value: White=0.33/Black=0.14 (very precise)} 1/2-1/2